Senateurs vs Kings
Created - February 26, 2019 at 19:25
Goals
|
Senateurs |
0 |
2 |
1 |
3 |
Kings |
0 |
2 |
0 |
2 |
|
Shots
|
Senateurs |
5 |
5 |
6 |
16 |
Kings |
8 |
18 |
9 |
35 |
|
1st period
No Goal
Penalties :
Taylor Hall (LAK) for Cross-checking (Minor) at 14:27
2nd period
1. Kings , Taylor Hall 22 (Oscar Klefbom 3) at 4:43
2. Kings , Patrick Kane 38 (Brenden Morrow 13) at 7:22
3. Senateurs , Sergei Kostitsyn 9 (Colby Armstrong 15, Daniel Briere 35) at 10:22 (PP)
4. Senateurs , Cody Franson 4 (Thomas Vanek 36) at 11:50 (PP)
Penalties :
Nikita Kucherov (LAK) for Tripping (Minor) at 1:40, Darnell Nurse (LAK) for Roughing (Minor) at 9:50, Taylor Hall (LAK) for Interference (Minor) at 11:36
3rd period
5. Senateurs , Marc-André Bernier 2 (Chris Kunitz 10, Vladimir Mihalik 7) at 18:03
Penalties :
Nikita Kucherov (LAK) for Interference (Minor) at 0:20, Anze Kopitar (LAK) for Holding (Minor) at 2:14, Colby Armstrong (Ott) for High sticking (Minor) at 7:03, Vladimir Mihalik (Ott) for Roughing (Minor) at 11:41, Mike Brown (LAK) for Hooking (Minor) at 13:59
Goalie Stats
Ondrej Pavelec (Ott), 33 saves from 35 shots - (0.943), W, 23-19-2, 60:00 minutes
Brian Elliott (LAK), 13 saves from 16 shots - (0.813), L, 20-22-5, 59:13 minutes
Players Stats for Senateurs
Player Name G A P +/- PIM S H SB GA TA FO MP PP MP PK MP
------------------------------------------------------------------------------------
Brandon Dubinsky 0 0 0 0 0 0 1 0 0 1 1/2 7:27 0:00 0:39
Brooks Orpik 0 0 0 -1 0 0 0 1 0 0 0/0 12:14 0:00 0:44
Carlo Colaiacovo 0 0 0 -1 0 0 0 0 0 0 0/0 11:27 0:00 0:00
Chris Kunitz 0 1 1 1 0 2 1 0 0 0 0/1 15:29 0:00 1:28
Cody Franson 1 0 1 0 0 1 3 0 1 0 0/0 27:50 6:27 1:47
Cody Hodgson 0 0 0 1 0 1 0 0 2 0 3/5 12:51 0:13 0:00
Colby Armstrong 0 1 1 -1 2 0 2 0 1 0 0/0 16:45 4:38 0:00
Dan Hamhuis 0 0 0 0 0 2 2 0 0 0 0/0 24:31 6:27 1:48
Daniel Briere 0 1 1 -1 0 2 1 1 0 0 4/13 18:59 4:38 1:49
Evgeni Malkin 0 0 0 -1 0 1 1 0 2 2 14/31 25:16 5:45 1:41
Ian Cole 0 0 0 0 0 0 0 0 0 0 0/0 3:57 0:00 0:34
Karl Alzner 0 0 0 0 0 1 1 0 0 0 0/0 20:39 4:09 2:10
Marc-André Bernier 1 0 1 1 0 1 0 0 2 0 0/0 11:45 0:00 0:00
Marian Hossa 0 0 0 -1 0 0 1 1 0 0 1/1 21:48 5:58 0:54
Radim Vrbata 0 0 0 0 0 1 0 0 0 0 0/0 6:12 0:00 0:00
Sergei Kostitsyn 1 0 1 -1 0 2 1 0 0 0 0/1 17:23 4:38 0:31
Thomas Vanek 0 1 1 -1 0 1 0 0 1 0 2/3 22:03 5:58 0:54
Vladimir Mihalik 0 1 1 0 2 1 1 1 0 0 0/0 19:24 4:09 0:53
Players Stats for Kings
Player Name G A P +/- PIM S H SB GA TA FO MP PP MP PK MP
------------------------------------------------------------------------------------
Anze Kopitar 0 0 0 1 2 3 0 0 0 0 8/14 18:02 1:46 2:46
Brenden Morrow 0 1 1 0 0 2 1 1 0 0 1/1 15:56 0:00 1:58
Darnell Nurse 0 0 0 0 2 3 0 1 0 1 0/0 26:22 2:04 5:36
David Booth 0 0 0 0 0 0 0 0 0 0 1/1 12:29 0:04 0:22
Greg Campbell 0 0 0 0 0 1 0 0 0 1 3/10 12:44 0:00 5:46
Jon Merrill 0 0 0 -1 0 0 0 2 0 2 0/0 20:07 0:15 6:23
Mike Brown 0 0 0 0 2 1 2 0 0 0 0/0 12:04 0:04 4:44
Nikita Kucherov 0 0 0 1 4 2 0 0 0 0 0/0 14:06 2:08 0:00
Oscar Klefbom 0 1 1 2 0 2 0 0 0 1 0/0 14:46 1:39 0:00
Patrick Kane 1 0 1 0 0 5 3 0 2 0 2/2 18:44 1:54 2:19
Paul Martin 0 0 0 -1 0 1 2 0 1 1 0/0 13:34 0:00 0:44
Ryan Johansen 0 0 0 0 0 5 1 0 0 1 7/12 13:19 2:08 0:00
Ryan O'Reilly 0 0 0 0 0 0 3 0 0 0 9/15 16:05 1:46 0:28
Shea Weber 0 0 0 0 0 1 1 0 0 1 0/0 25:39 2:04 4:28
Staffan Kronwall 0 0 0 2 0 2 2 0 0 0 0/0 17:27 0:00 4:01
Taylor Hall 1 0 1 1 4 4 1 0 0 1 0/0 15:28 2:12 0:00
Wayne Simmonds 0 0 0 0 0 3 2 0 0 0 1/2 15:51 1:46 2:43
Zach Boychuk 0 0 0 0 0 0 3 0 0 0 0/0 6:29 0:00 0:00
3 Stars
1 - Ondrej Pavelec (Ott)
2 - Cody Franson (Ott)
3 - Marc-André Bernier (Ott)
Power Play
Senateurs - 2 on 7 Attempt(s) - 28.57%
Kings - 0 on 2 Attempt(s) - 0.00%
Penalty Kill
Senateurs - 2 on 2 Attempt(s) - 100.00%
- Score 0 goal in Penalty Kill
Kings - 5 on 7 Attempt(s) - 71.43%
- Score 0 goal in Penalty Kill
Team Stat
Senateurs - Hits : 15 - Faceoff Wins : 25 - Blocked Shots : 4 - Penalty Minutes : 4
Kings - Hits : 21 - Faceoff Wins : 32 - Blocked Shots : 4 - Penalty Minutes : 14
Official
Referees : Unknown
Linesman : Unknown
Game Notes
No Game Note
Finance
Level 1 -- Attendance: 4217 (70.28%) -- Ticket Income $421,700
Level 2 -- Attendance: 3694 (73.88%) -- Ticket Income $221,640
Level 3 -- Attendance: 1900 (95.00%) -- Ticket Income $66,500
Level 4 -- Attendance: 3897 (97.43%) -- Ticket Income $97,425
Luxury Box -- Attendance: 1000 (100.00%) -- Ticket Income $155,000
Game was played at the Staples Center.
Total Attendance: 14708 (81.71%)
Total Ticket Income: $962,265
Other Income: $144,340
Total Income: $1,106,605
Senateurs
5 vs 5 Forward
Center Left Wing Right Wing Time % Phy DF OF
1 Evgeni Malkin Thomas Vanek Marian Hossa 40 1 2 2
2 Daniel Briere Sergei Kostitsyn Colby Armstrong 30 1 2 2
3 Cody Hodgson Chris Kunitz Marc-André Bernier 20 1 2 2
4 Brandon Dubinsky Evgeni Malkin Radim Vrbata 10 1 2 2
5 vs 5 Defense
Defense Defense Time % Phy DF OF
1 Dan Hamhuis Cody Franson 40 1 2 2
2 Karl Alzner Vladimir Mihalik 30 1 2 2
3 Carlo Colaiacovo Brooks Orpik 20 1 2 2
4 Ian Cole Cody Franson 10 1 2 2
PowerPlay Forward
Center Left Wing Right Wing Time % Phy DF OF
1 Evgeni Malkin Thomas Vanek Marian Hossa 60 1 2 2
2 Daniel Briere Sergei Kostitsyn Colby Armstrong 40 1 2 2
PowerPlay Defense
Defense Defense Time % Phy DF OF
1 Dan Hamhuis Cody Franson 60 1 2 2
2 Karl Alzner Vladimir Mihalik 40 1 2 2
Penalty Kill 4 Players Forward
Center Wing Time % Phy DF OF
1 Evgeni Malkin Daniel Briere 60 1 2 2
2 Thomas Vanek Marian Hossa 40 1 2 2
Penalty Kill 4 Players Defense
Defense Defense Time % Phy DF OF
1 Dan Hamhuis Cody Franson 60 1 2 2
2 Karl Alzner Vladimir Mihalik 40 1 2 2
Penalty Kill - 3 Players Forward
Forward Time % Phy DF OF
1 Evgeni Malkin 60 1 2 2
2 Daniel Briere 40 1 2 2
Penalty Kill - 3 Players Defense
Defense Defense Time % Phy DF OF
1 Dan Hamhuis Cody Franson 60 1 2 2
2 Karl Alzner Vladimir Mihalik 40 1 2 2
4 vs 4 Forward
Center Wing Time % Phy DF OF
1 Evgeni Malkin Daniel Briere 60 1 2 2
2 Thomas Vanek Marian Hossa 40 1 2 2
4 vs 4 Defense
Defense Defense Time % Phy DF OF
1 Dan Hamhuis Cody Franson 60 1 2 2
2 Karl Alzner Vladimir Mihalik 40 1 2 2
Last Minutes Offensive
Center Left Wing Right Wing Defense Defense
Evgeni Malkin Thomas Vanek Marian Hossa Dan Hamhuis Cody Franson
Last Minutes Defensive
Center Left Wing Right Wing Defense Defense
Evgeni Malkin Thomas Vanek Marian Hossa Dan Hamhuis Cody Franson
Goaltenders
Starting : Ondrej Pavelec
Backup : Jeff Deslauriers
Extra Forwards
Normal : Cody Hodgson, Brandon Dubinsky, Chris Kunitz - PP : Cody Hodgson, Brandon Dubinsky - PK : Chris Kunitz
Extra Defensemen
Normal : Carlo Colaiacovo, Brooks Orpik, Ian Cole - PP : Carlo Colaiacovo - PK : Brooks Orpik, Ian Cole
Penalty Shots
Evgeni Malkin, Daniel Briere, Thomas Vanek, Marian Hossa, Colby Armstrong
Scratches
Martin Erat (Healthy), Ramzi Abid (Healthy)
Kings
5 vs 5 Forward
Center Left Wing Right Wing Time % Phy DF OF
1 Ryan O'Reilly Brenden Morrow Patrick Kane 35 1 2 2
2 Ryan Johansen David Booth Wayne Simmonds 30 1 2 2
3 Anze Kopitar Taylor Hall Nikita Kucherov 30 1 2 2
4 Greg Campbell Zach Boychuk Mike Brown 5 1 3 1
5 vs 5 Defense
Defense Defense Time % Phy DF OF
1 Darnell Nurse Shea Weber 40 1 3 1
2 Jon Merrill Paul Martin 30 1 3 1
3 Staffan Kronwall Oscar Klefbom 30 0 3 2
4 Jon Merrill Paul Martin 0 1 3 1
PowerPlay Forward
Center Left Wing Right Wing Time % Phy DF OF
1 Ryan Johansen Taylor Hall Nikita Kucherov 60 0 1 4
2 Ryan O'Reilly Anze Kopitar Wayne Simmonds 40 0 1 4
PowerPlay Defense
Defense Defense Time % Phy DF OF
1 Oscar Klefbom Patrick Kane 60 0 2 3
2 Darnell Nurse Shea Weber 40 0 2 3
Penalty Kill 4 Players Forward
Center Wing Time % Phy DF OF
1 Greg Campbell Mike Brown 60 1 3 1
2 Anze Kopitar Wayne Simmonds 40 1 3 1
Penalty Kill 4 Players Defense
Defense Defense Time % Phy DF OF
1 Darnell Nurse Jon Merrill 60 0 5 0
2 Shea Weber Staffan Kronwall 40 0 5 0
Penalty Kill - 3 Players Forward
Forward Time % Phy DF OF
1 Anze Kopitar 60 1 4 0
2 Patrick Kane 40 1 4 0
Penalty Kill - 3 Players Defense
Defense Defense Time % Phy DF OF
1 Shea Weber Jon Merrill 60 0 5 0
2 Darnell Nurse Staffan Kronwall 40 0 5 0
4 vs 4 Forward
Center Wing Time % Phy DF OF
1 Taylor Hall Patrick Kane 60 1 2 2
2 Anze Kopitar David Booth 40 1 2 2
4 vs 4 Defense
Defense Defense Time % Phy DF OF
1 Shea Weber Staffan Kronwall 60 1 2 2
2 Jon Merrill Paul Martin 40 1 2 2
Last Minutes Offensive
Center Left Wing Right Wing Defense Defense
Anze Kopitar Taylor Hall Patrick Kane Shea Weber Oscar Klefbom
Last Minutes Defensive
Center Left Wing Right Wing Defense Defense
Anze Kopitar Taylor Hall Patrick Kane Shea Weber Jon Merrill
Goaltenders
Starting : Brian Elliott
Backup : Pascal Leclaire
Extra Forwards
Normal : Patrick Kane, Ryan Johansen, Taylor Hall - PP : David Booth, Mike Brown - PK : Patrick Kane
Extra Defensemen
Normal : Shea Weber, Jon Merrill, Darnell Nurse - PP : Jon Merrill - PK : Paul Martin, Oscar Klefbom
Penalty Shots
Nikita Kucherov, Patrick Kane, Anze Kopitar, Ryan Johansen, David Booth
Scratches
Peter Worrell (Healthy), Tomas Plekanec (Healthy), Matt Irwin (Healthy), Ilya Bryzgalov (Healthy)
% Time on Ice - Senateurs
Lines # - Real PCT - Wanted PCT - Time Play
Normal Forward
1 - 31% - 40% - 13:55
2 - 28% - 30% - 12:31
3 - 26% - 20% - 11:45
4 - 14% - 10% - 6:12
Normal Defense
1 - 37% - 40% - 16:16
2 - 32% - 30% - 14:20
3 - 23% - 20% - 10:24
4 - 8% - 10% - 3:23
PP Forward
1 - 56% - 60% - 5:58
2 - 44% - 40% - 4:38
PP Defense
1 - 61% - 60% - 6:27
2 - 39% - 40% - 4:09
PK Forward
1 - 77% - 60% - 3:04
2 - 23% - 40% - 0:54
PK Defense
1 - 45% - 60% - 1:48
2 - 55% - 40% - 2:10
PK3 Forward
1 - 0% - 60%
2 - 0% - 40%
PK3 Defense
1 - 0% - 60%
2 - 0% - 40%
44 Forward
1 - 0% - 60%
2 - 0% - 40%
44 Defense
1 - 0% - 60%
2 - 0% - 40%
Last Minute Offensive - 0:00
Last Minute Defensive - 1:03
Total
Forward - 60:00
Defense - 60:00
|
% Time on Ice - Kings
Lines # - Real PCT - Wanted PCT - Time Play
Normal Forward
1 - 33% - 35% - 14:46
2 - 25% - 30% - 11:19
3 - 27% - 30% - 11:50
4 - 15% - 5% - 6:29
Normal Defense
1 - 40% - 40% - 17:48
2 - 30% - 30% - 13:29
3 - 30% - 30% - 13:07
4 - 0% - 0% - 0:00
PP Forward
1 - 55% - 60% - 2:12
2 - 45% - 40% - 1:46
PP Defense
1 - 48% - 60% - 1:54
2 - 52% - 40% - 2:04
PK Forward
1 - 74% - 60% - 7:48
2 - 26% - 40% - 2:43
PK Defense
1 - 62% - 60% - 6:30
2 - 38% - 40% - 4:01
PK3 Forward
1 - 100% - 60% - 0:05
2 - 0% - 40% - 0:00
PK3 Defense
1 - 100% - 60% - 0:05
2 - 0% - 40% - 0:00
44 Forward
1 - 0% - 60%
2 - 0% - 40%
44 Defense
1 - 0% - 60%
2 - 0% - 40%
Last Minute Offensive - 1:02
Last Minute Defensive - 0:00
Total
Forward - 60:00
Defense - 60:00
|
Play-by-Play
1st period
0:01 of 1st period - Evgeni Malkin wins face-off versus Ryan O'Reilly in neutral zone.
0:07 of 1st period - Icing by Shea Weber.
0:08 of 1st period - Ryan O'Reilly wins face-off versus Evgeni Malkin in Kings zone.
0:29 of 1st period - Snap shot by Patrick Kane.
0:29 of 1st period - Stopped by Ondrej Pavelec with a rebound.
1:49 of 1st period - Snap shot by Patrick Kane.
1:49 of 1st period - Shot Misses the Net.
1:51 of 1st period - Slapshot by Brenden Morrow.
1:51 of 1st period - Stopped by Ondrej Pavelec without a rebound.
1:52 of 1st period - Ryan Johansen wins face-off versus Daniel Briere in Senateurs zone.
3:47 of 1st period - Radim Vrbata is hit by Zach Boychuk.
5:12 of 1st period - Marc-André Bernier is hit by Mike Brown and loses puck.
6:55 of 1st period - Ian Cole is hit by Patrick Kane and loses puck.
7:12 of 1st period - Ian Cole is hit by Zach Boychuk and loses puck.
8:39 of 1st period - Snap shot by Wayne Simmonds.
8:39 of 1st period - Stopped by Ondrej Pavelec without a rebound.
8:40 of 1st period - Evgeni Malkin wins face-off versus Ryan Johansen in Senateurs zone.
8:53 of 1st period - Snap shot by Taylor Hall.
8:53 of 1st period - Stopped by Ondrej Pavelec with a rebound.
8:55 of 1st period - Slapshot by Staffan Kronwall.
8:55 of 1st period - Deflect By Taylor Hall.
8:55 of 1st period - Stopped by Ondrej Pavelec without a rebound.
8:56 of 1st period - Cody Hodgson wins face-off versus Anze Kopitar in Senateurs zone.
8:56 of 1st period - Cody Hodgson is hit by Staffan Kronwall.
9:08 of 1st period - Wrist shot by Anze Kopitar.
9:08 of 1st period - Shot Misses the Net.
9:10 of 1st period - Slapshot by Oscar Klefbom.
9:10 of 1st period - Stopped by Ondrej Pavelec with a rebound.
9:34 of 1st period - Slapshot by Cody Hodgson.
9:34 of 1st period - Stopped by Brian Elliott without a rebound.
9:35 of 1st period - Evgeni Malkin wins face-off versus Ryan Johansen in Kings zone.
9:44 of 1st period - Snap shot by Thomas Vanek.
9:44 of 1st period - Shot Misses the Net.
10:44 of 1st period - Evgeni Malkin is hit by Paul Martin and loses puck.
10:59 of 1st period - Snap shot by Daniel Briere.
10:59 of 1st period - Stopped by Brian Elliott with a rebound.
11:23 of 1st period - Snap shot by Patrick Kane.
11:23 of 1st period - Stopped by Ondrej Pavelec with a rebound.
11:25 of 1st period - Wrist shot by Patrick Kane.
11:25 of 1st period - Stopped by Ondrej Pavelec with a rebound.
11:27 of 1st period - Slapshot by Patrick Kane.
11:27 of 1st period - Deflect By Brenden Morrow.
11:27 of 1st period - Shot Misses the Net.
11:27 of 1st period - Puck is out of play.
11:28 of 1st period - Wayne Simmonds wins face-off versus Daniel Briere in Senateurs zone.
11:37 of 1st period - Snap shot by Wayne Simmonds.
11:37 of 1st period - Shot Misses the Net.
11:43 of 1st period - Slapshot by Wayne Simmonds.
11:43 of 1st period - Shot Misses the Net.
11:55 of 1st period - Ryan O'Reilly is hit by Cody Franson and loses puck.
13:23 of 1st period - Off-side.
13:24 of 1st period - Daniel Briere wins face-off versus Greg Campbell in neutral zone.
13:59 of 1st period - Wrist shot by Thomas Vanek.
13:59 of 1st period - Stopped by Brian Elliott without a rebound.
14:00 of 1st period - Ryan O'Reilly wins face-off versus Evgeni Malkin in Kings zone.
14:00 of 1st period - Ryan O'Reilly is hit by Evgeni Malkin.
14:27 of 1st period - Minor Penalty to Taylor Hall for Cross-checking.
14:28 of 1st period - Evgeni Malkin wins face-off versus Greg Campbell in Kings zone.
14:29 of 1st period - Snap shot by Marian Hossa.
14:29 of 1st period - Deflect By Evgeni Malkin.
14:29 of 1st period - Shot Misses the Net.
14:29 of 1st period - Puck is out of play.
14:30 of 1st period - Evgeni Malkin wins face-off versus Greg Campbell in Kings zone.
15:31 of 1st period - Backhand shot by Shea Weber.
15:31 of 1st period - Deflect By Wayne Simmonds.
15:31 of 1st period - Shot Misses the Net.
15:31 of 1st period - Puck is out of play.
15:32 of 1st period - Anze Kopitar wins face-off versus Evgeni Malkin in Senateurs zone.
16:27 of 1st period - Penalty to Taylor Hall is over, Taylor Hall is back on ice.
16:36 of 1st period - Icing by Shea Weber.
16:37 of 1st period - Cody Hodgson wins face-off versus Ryan O'Reilly in Kings zone.
17:13 of 1st period - Wrist shot by Radim Vrbata.
17:13 of 1st period - Deflect By Brandon Dubinsky.
17:13 of 1st period - Shot Misses the Net.
17:13 of 1st period - Puck is out of play.
17:14 of 1st period - Anze Kopitar wins face-off versus Daniel Briere in Kings zone.
18:21 of 1st period - Greg Campbell is hit by Brandon Dubinsky and loses puck.
18:28 of 1st period - Slapshot by Radim Vrbata.
18:28 of 1st period - Stopped by Brian Elliott without a rebound.
18:29 of 1st period - Anze Kopitar wins face-off versus Daniel Briere in Kings zone.
19:13 of 1st period - Off-side.
19:14 of 1st period - Brenden Morrow wins face-off versus Cody Hodgson in neutral zone.
19:24 of 1st period - Slapshot by Dan Hamhuis.
19:24 of 1st period - Stopped by Brian Elliott with a rebound.
19:48 of 1st period - Icing by Dan Hamhuis.
19:49 of 1st period - Evgeni Malkin wins face-off versus Wayne Simmonds in Senateurs zone.
19:49 of 1st period - Evgeni Malkin is hit by Shea Weber.
Goals for this period are 0 for Senateurs vs 0 for Kings.
Shots for this period are 5 for Senateurs vs 8 for Kings.
2nd period
0:01 of 2nd period - Ryan Johansen wins face-off versus Evgeni Malkin in neutral zone.
0:06 of 2nd period - Snap shot by Ryan Johansen.
0:06 of 2nd period - Shot Misses the Net.
0:49 of 2nd period - Slapshot by Cody Hodgson.
0:49 of 2nd period - Shot Misses the Net.
0:51 of 2nd period - Wrist shot by Dan Hamhuis.
0:51 of 2nd period - Stopped by Brian Elliott without a rebound.
0:52 of 2nd period - Ryan O'Reilly wins face-off versus Chris Kunitz in Kings zone.
1:03 of 2nd period - Marc-André Bernier is hit by Ryan O'Reilly and loses puck.
1:10 of 2nd period - Patrick Kane is hit by Vladimir Mihalik and loses puck.
1:15 of 2nd period - Wrist shot by Chris Kunitz.
1:15 of 2nd period - Stopped by Brian Elliott without a rebound.
1:16 of 2nd period - Evgeni Malkin wins face-off versus Ryan Johansen in Kings zone.
1:31 of 2nd period - Slapshot by Ryan Johansen.
1:31 of 2nd period - Stopped by Ondrej Pavelec without a rebound.
1:32 of 2nd period - Daniel Briere wins face-off versus Anze Kopitar in Senateurs zone.
1:40 of 2nd period - Minor Penalty to Nikita Kucherov for Tripping.
1:41 of 2nd period - Evgeni Malkin wins face-off versus Greg Campbell in Kings zone.
1:43 of 2nd period - Snap shot by Evgeni Malkin.
1:43 of 2nd period - Shot Misses the Net.
3:24 of 2nd period - Thomas Vanek is hit by Wayne Simmonds and loses puck.
3:40 of 2nd period - Penalty to Nikita Kucherov is over, Nikita Kucherov is back on ice.
3:47 of 2nd period - Marc-André Bernier is hit by Ryan Johansen and loses puck.
4:06 of 2nd period - Wrist shot by Brandon Dubinsky.
4:06 of 2nd period - Shot Hit the Post.
4:08 of 2nd period - Snap shot by Radim Vrbata.
4:08 of 2nd period - Shot Misses the Net.
4:10 of 2nd period - Snap shot by Radim Vrbata.
4:10 of 2nd period - Shot Blocked by Jon Merrill.
4:12 of 2nd period - Snap shot by Dan Hamhuis.
4:12 of 2nd period - Deflect By Brandon Dubinsky.
4:12 of 2nd period - Shot Misses the Net.
4:12 of 2nd period - Puck is out of play.
4:13 of 2nd period - Ryan O'Reilly wins face-off versus Brandon Dubinsky in Kings zone.
4:18 of 2nd period - Vladimir Mihalik is hit by Brenden Morrow and loses puck.
4:43 of 2nd period - Wrist shot by Taylor Hall.
4:43 of 2nd period - Goal by Taylor Hall - Senateurs : 0 - Kings : 1.
4:44 of 2nd period - Thomas Vanek wins face-off versus Ryan O'Reilly in neutral zone.
4:47 of 2nd period - Snap shot by Marian Hossa.
4:47 of 2nd period - Shot Blocked by Brenden Morrow.
4:49 of 2nd period - Wrist shot by Marian Hossa.
4:49 of 2nd period - Shot Blocked by Darnell Nurse.
4:51 of 2nd period - Wrist shot by Marian Hossa.
4:51 of 2nd period - Deflect By Evgeni Malkin.
4:51 of 2nd period - Shot Misses the Net.
4:51 of 2nd period - Puck is out of play.
4:52 of 2nd period - Ryan O'Reilly wins face-off versus Evgeni Malkin in Kings zone.
5:10 of 2nd period - Slapshot by Patrick Kane.
5:10 of 2nd period - Stopped by Ondrej Pavelec without a rebound.
5:11 of 2nd period - Ryan Johansen wins face-off versus Daniel Briere in Senateurs zone.
5:16 of 2nd period - Slapshot by Wayne Simmonds.
5:16 of 2nd period - Deflect By David Booth.
5:16 of 2nd period - Shot Misses the Net.
5:16 of 2nd period - Puck is out of play.
5:17 of 2nd period - Ryan Johansen wins face-off versus Daniel Briere in Senateurs zone.
5:56 of 2nd period - Ryan Johansen is hit by Chris Kunitz and loses puck.
6:19 of 2nd period - Evgeni Malkin is hit by Paul Martin.
6:34 of 2nd period - Icing by Karl Alzner.
6:35 of 2nd period - Daniel Briere wins face-off versus Anze Kopitar in Senateurs zone.
7:06 of 2nd period - Slapshot by Brenden Morrow.
7:06 of 2nd period - Shot Misses the Net.
7:08 of 2nd period - Snap shot by Darnell Nurse.
7:08 of 2nd period - Stopped by Ondrej Pavelec without a rebound.
7:09 of 2nd period - Ryan O'Reilly wins face-off versus Evgeni Malkin in Senateurs zone.
7:22 of 2nd period - Wrist shot by Patrick Kane.
7:22 of 2nd period - Goal by Patrick Kane - Senateurs : 0 - Kings : 2.
7:23 of 2nd period - Thomas Vanek wins face-off versus Anze Kopitar in neutral zone.
7:34 of 2nd period - Wrist shot by Nikita Kucherov.
7:34 of 2nd period - Stopped by Ondrej Pavelec with a rebound.
7:36 of 2nd period - Slapshot by Taylor Hall.
7:36 of 2nd period - Shot Misses the Net.
7:38 of 2nd period - Snap shot by Anze Kopitar.
7:38 of 2nd period - Stopped by Ondrej Pavelec with a rebound.
7:40 of 2nd period - Snap shot by Nikita Kucherov.
7:40 of 2nd period - Stopped by Ondrej Pavelec with a rebound.
8:20 of 2nd period - Snap shot by Wayne Simmonds.
8:20 of 2nd period - Stopped by Ondrej Pavelec with a rebound.
8:40 of 2nd period - Snap shot by Evgeni Malkin.
8:40 of 2nd period - Shot Misses the Net.
8:58 of 2nd period - Wrist shot by Taylor Hall.
8:58 of 2nd period - Deflect By Anze Kopitar.
8:58 of 2nd period - Shot Misses the Net.
8:58 of 2nd period - Puck is out of play.
8:59 of 2nd period - Patrick Kane wins face-off versus Daniel Briere in Senateurs zone.
9:47 of 2nd period - Snap shot by Evgeni Malkin.
9:47 of 2nd period - Deflect By Cody Hodgson.
9:47 of 2nd period - Shot Misses the Net.
9:47 of 2nd period - Puck is out of play.
9:48 of 2nd period - Ryan Johansen wins face-off versus Cody Hodgson in Kings zone.
9:50 of 2nd period - Minor Penalty to Darnell Nurse for Roughing.
9:51 of 2nd period - Greg Campbell wins face-off versus Evgeni Malkin in Kings zone.
9:51 of 2nd period - Greg Campbell is hit by Cody Franson.
10:22 of 2nd period - Slapshot by Sergei Kostitsyn.
10:22 of 2nd period - Goal by Sergei Kostitsyn - Senateurs : 1 - Kings : 2.
10:23 of 2nd period - Ryan O'Reilly wins face-off versus Evgeni Malkin in neutral zone.
10:32 of 2nd period - Slapshot by Evgeni Malkin.
10:32 of 2nd period - Shot Misses the Net.
11:12 of 2nd period - Snap shot by Ryan Johansen.
11:12 of 2nd period - Stopped by Ondrej Pavelec with a rebound.
11:14 of 2nd period - Slapshot by Darnell Nurse.
11:14 of 2nd period - Shot Misses the Net.
11:16 of 2nd period - Snap shot by Ryan Johansen.
11:16 of 2nd period - Stopped by Ondrej Pavelec with a rebound.
11:18 of 2nd period - Slapshot by Darnell Nurse.
11:18 of 2nd period - Stopped by Ondrej Pavelec without a rebound.
11:19 of 2nd period - Ryan O'Reilly wins face-off versus Evgeni Malkin in Senateurs zone.
11:30 of 2nd period - Wrist shot by Ryan O'Reilly.
11:30 of 2nd period - Shot Misses the Net.
11:33 of 2nd period - Icing by Vladimir Mihalik.
11:34 of 2nd period - Anze Kopitar wins face-off versus Evgeni Malkin in Senateurs zone.
11:36 of 2nd period - Minor Penalty to Taylor Hall for Interference.
11:37 of 2nd period - Greg Campbell wins face-off versus Evgeni Malkin in Kings zone.
11:50 of 2nd period - Wrist shot by Cody Franson.
11:50 of 2nd period - Goal by Cody Franson - Senateurs : 2 - Kings : 2.
11:51 of 2nd period - Evgeni Malkin wins face-off versus Ryan O'Reilly in neutral zone.
11:54 of 2nd period - Staffan Kronwall is hit by Marian Hossa and loses puck.
12:17 of 2nd period - Anze Kopitar is hit by Sergei Kostitsyn and loses puck.
12:28 of 2nd period - Slapshot by Paul Martin.
12:28 of 2nd period - Stopped by Ondrej Pavelec with a rebound.
12:42 of 2nd period - Snap shot by Wayne Simmonds.
12:42 of 2nd period - Stopped by Ondrej Pavelec with a rebound.
12:44 of 2nd period - Snap shot by Ryan Johansen.
12:44 of 2nd period - Stopped by Ondrej Pavelec with a rebound.
12:46 of 2nd period - Slapshot by David Booth.
12:46 of 2nd period - Shot Misses the Net.
13:18 of 2nd period - Slapshot by Thomas Vanek.
13:18 of 2nd period - Shot Misses the Net.
13:40 of 2nd period - Anze Kopitar is hit by Colby Armstrong and loses puck.
14:03 of 2nd period - Slapshot by Darnell Nurse.
14:03 of 2nd period - Stopped by Ondrej Pavelec with a rebound.
14:44 of 2nd period - Colby Armstrong is hit by Staffan Kronwall and loses puck.
15:20 of 2nd period - Cody Hodgson is hit by Wayne Simmonds and loses puck.
15:41 of 2nd period - Brooks Orpik is hit by Ryan O'Reilly and loses puck.
16:17 of 2nd period - Wrist shot by Greg Campbell.
16:17 of 2nd period - Stopped by Ondrej Pavelec without a rebound.
16:18 of 2nd period - Brandon Dubinsky wins face-off versus Ryan Johansen in Senateurs zone.
16:34 of 2nd period - Snap shot by Oscar Klefbom.
16:34 of 2nd period - Stopped by Ondrej Pavelec without a rebound.
16:35 of 2nd period - Daniel Briere wins face-off versus Ryan O'Reilly in Senateurs zone.
16:44 of 2nd period - Slapshot by Daniel Briere.
16:44 of 2nd period - Stopped by Brian Elliott with a rebound.
18:28 of 2nd period - Snap shot by Evgeni Malkin.
18:28 of 2nd period - Shot Misses the Net.
19:34 of 2nd period - Marc-André Bernier is hit by Patrick Kane.
Goals for this period are 2 for Senateurs vs 2 for Kings.
Shots for this period are 5 for Senateurs vs 18 for Kings.
3rd period
0:01 of 3rd period - Marian Hossa wins face-off versus Ryan O'Reilly in neutral zone.
0:07 of 3rd period - Icing by Evgeni Malkin.
0:08 of 3rd period - Ryan O'Reilly wins face-off versus Thomas Vanek in Senateurs zone.
0:11 of 3rd period - Snap shot by Brenden Morrow.
0:11 of 3rd period - Stopped by Ondrej Pavelec with a rebound.
0:13 of 3rd period - Slapshot by Staffan Kronwall.
0:13 of 3rd period - Shot Misses the Net.
0:15 of 3rd period - Snap shot by Staffan Kronwall.
0:15 of 3rd period - Stopped by Ondrej Pavelec without a rebound.
0:16 of 3rd period - Evgeni Malkin wins face-off versus Anze Kopitar in Senateurs zone.
0:20 of 3rd period - Minor Penalty to Nikita Kucherov for Interference.
0:21 of 3rd period - Evgeni Malkin wins face-off versus Greg Campbell in Kings zone.
0:30 of 3rd period - Slapshot by Evgeni Malkin.
0:30 of 3rd period - Shot Blocked by Jon Merrill.
0:54 of 3rd period - Slapshot by Sergei Kostitsyn.
0:54 of 3rd period - Stopped by Brian Elliott with a rebound.
0:56 of 3rd period - Snap shot by Sergei Kostitsyn.
0:56 of 3rd period - Shot Misses the Net.
1:46 of 3rd period - Icing by Dan Hamhuis.
1:47 of 3rd period - Anze Kopitar wins face-off versus Daniel Briere in Senateurs zone.
2:14 of 3rd period - Minor Penalty to Anze Kopitar for Holding.
2:15 of 3rd period - Patrick Kane wins face-off versus Evgeni Malkin in Kings zone.
2:20 of 3rd period - Penalty to Nikita Kucherov is over, Nikita Kucherov is back on ice.
2:40 of 3rd period - Jon Merrill is hit by Colby Armstrong and loses puck.
2:53 of 3rd period - Slapshot by Evgeni Malkin.
2:53 of 3rd period - Shot Misses the Net.
3:35 of 3rd period - Marian Hossa is hit by Patrick Kane and loses puck.
4:14 of 3rd period - Penalty to Anze Kopitar is over, Anze Kopitar is back on ice.
5:01 of 3rd period - Vladimir Mihalik is hit by Taylor Hall.
5:20 of 3rd period - Slapshot by Zach Boychuk.
5:20 of 3rd period - Shot Hit the Post.
5:22 of 3rd period - Snap shot by Mike Brown.
5:22 of 3rd period - Stopped by Ondrej Pavelec without a rebound.
5:23 of 3rd period - Evgeni Malkin wins face-off versus Greg Campbell in Senateurs zone.
5:23 of 3rd period - Evgeni Malkin is hit by Zach Boychuk.
7:03 of 3rd period - Minor Penalty to Colby Armstrong for High sticking.
7:04 of 3rd period - Evgeni Malkin wins face-off versus Ryan Johansen in Senateurs zone.
8:09 of 3rd period - Ryan Johansen is hit by Daniel Briere.
9:03 of 3rd period - Penalty to Colby Armstrong is over, Colby Armstrong is back on ice.
9:11 of 3rd period - Brooks Orpik is hit by Mike Brown and loses puck.
9:16 of 3rd period - Snap shot by Mike Brown.
9:16 of 3rd period - Shot Blocked by Daniel Briere.
9:18 of 3rd period - Snap shot by Paul Martin.
9:18 of 3rd period - Shot Blocked by Brooks Orpik.
10:22 of 3rd period - Taylor Hall is hit by Cody Franson and loses puck.
11:41 of 3rd period - Minor Penalty to Vladimir Mihalik for Roughing.
11:42 of 3rd period - Ryan Johansen wins face-off versus Evgeni Malkin in Senateurs zone.
12:05 of 3rd period - Snap shot by Anze Kopitar.
12:05 of 3rd period - Shot Misses the Net.
12:07 of 3rd period - Wrist shot by Anze Kopitar.
12:07 of 3rd period - Shot Misses the Net.
12:43 of 3rd period - Shea Weber is hit by Dan Hamhuis and loses puck.
13:41 of 3rd period - Penalty to Vladimir Mihalik is over, Vladimir Mihalik is back on ice.
13:43 of 3rd period - Slapshot by Karl Alzner.
13:43 of 3rd period - Deflect By Taylor Hall.
13:43 of 3rd period - Stopped by Brian Elliott without a rebound.
13:44 of 3rd period - David Booth wins face-off versus Evgeni Malkin in Kings zone.
13:59 of 3rd period - Minor Penalty to Mike Brown for Hooking.
14:00 of 3rd period - Greg Campbell wins face-off versus Evgeni Malkin in Kings zone.
15:03 of 3rd period - Shea Weber is hit by Karl Alzner and loses puck.
15:59 of 3rd period - Penalty to Mike Brown is over, Mike Brown is back on ice.
16:07 of 3rd period - Icing by Mike Brown.
16:08 of 3rd period - Cody Hodgson wins face-off versus Greg Campbell in Kings zone.
16:15 of 3rd period - Slapshot by Shea Weber.
16:15 of 3rd period - Stopped by Ondrej Pavelec with a rebound.
16:17 of 3rd period - Slapshot by Mike Brown.
16:17 of 3rd period - Shot Misses the Net.
16:19 of 3rd period - Slapshot by Staffan Kronwall.
16:19 of 3rd period - Stopped by Ondrej Pavelec with a rebound.
16:21 of 3rd period - Snap shot by Mike Brown.
16:21 of 3rd period - Shot Misses the Net.
16:23 of 3rd period - Snap shot by David Booth.
16:23 of 3rd period - Deflect By Mike Brown.
16:23 of 3rd period - Shot Misses the Net.
16:23 of 3rd period - Puck is out of play.
16:24 of 3rd period - Anze Kopitar wins face-off versus Daniel Briere in Senateurs zone.
16:25 of 3rd period - Snap shot by Taylor Hall.
16:25 of 3rd period - Stopped by Ondrej Pavelec without a rebound.
16:26 of 3rd period - Anze Kopitar wins face-off versus Sergei Kostitsyn in Senateurs zone.
16:53 of 3rd period - Snap shot by Ryan Johansen.
16:53 of 3rd period - Stopped by Ondrej Pavelec without a rebound.
16:54 of 3rd period - Ryan Johansen wins face-off versus Evgeni Malkin in Senateurs zone.
16:57 of 3rd period - Snap shot by Wayne Simmonds.
16:57 of 3rd period - Shot Blocked by Marian Hossa.
16:59 of 3rd period - Slapshot by Darnell Nurse.
16:59 of 3rd period - Shot Misses the Net.
17:01 of 3rd period - Snap shot by Shea Weber.
17:01 of 3rd period - Shot Blocked by Vladimir Mihalik.
17:53 of 3rd period - Backhand shot by Cody Hodgson.
17:53 of 3rd period - Deflect By Chris Kunitz.
17:53 of 3rd period - Stopped by Brian Elliott with a rebound.
17:55 of 3rd period - Snap shot by Chris Kunitz.
17:55 of 3rd period - Shot Misses the Net.
17:57 of 3rd period - Snap shot by Vladimir Mihalik.
17:57 of 3rd period - Shot Misses the Net.
17:59 of 3rd period - Slapshot by Vladimir Mihalik.
17:59 of 3rd period - Stopped by Brian Elliott with a rebound.
18:01 of 3rd period - Snap shot by Chris Kunitz.
18:01 of 3rd period - Shot Misses the Net.
18:03 of 3rd period - Snap shot by Marc-André Bernier.
18:03 of 3rd period - Goal by Marc-André Bernier - Senateurs : 3 - Kings : 2.
18:04 of 3rd period - Evgeni Malkin wins face-off versus Anze Kopitar in neutral zone.
18:09 of 3rd period - Snap shot by Evgeni Malkin.
18:09 of 3rd period - Stopped by Brian Elliott without a rebound.
18:10 of 3rd period - Anze Kopitar wins face-off versus Evgeni Malkin in Kings zone.
18:10 of 3rd period - Anze Kopitar is hit by Dan Hamhuis.
18:48 of 3rd period - Chris Kunitz is hit by Ryan O'Reilly and loses puck.
19:07 of 3rd period - Slapshot by Marian Hossa.
19:07 of 3rd period - Shot Misses the Net.
19:13 of 3rd period - Kings, Brian Elliott is pulled from the net.
19:19 of 3rd period - Backhand shot by Anze Kopitar.
19:19 of 3rd period - Stopped by Ondrej Pavelec with a rebound.
19:21 of 3rd period - Snap shot by Anze Kopitar.
19:21 of 3rd period - Stopped by Ondrej Pavelec with a rebound.
19:55 of 3rd period - Wrist shot by Patrick Kane.
19:55 of 3rd period - Shot Hit the Post.
Goals for this period are 1 for Senateurs vs 0 for Kings.
Shots for this period are 6 for Senateurs vs 9 for Kings.
Back to the Top